 Dungeon Crawl Stone Soup version 0.31-a0-840-g6d2ecbb638 (webtiles) character file.

Game seed: 12034726574338193776

23 Ivernyr the Twirler (level 2, 0/15 HPs)
             Began as a Vine Stalker Gladiator on Sept 27, 2023.
             Slain by Natasha (6 damage)
             ... on level 2 of the Dungeon.
             The game lasted 00:01:42 (676 turns).

Ivernyr the Twirler (Vine Stalker Gladiator)         Turns: 676, Time: 00:01:42

Health: 0/15       AC:  4    Str: 16    XL:     2   Next: 95%
Magic:  0/3        EV: 12    Int:  8    God:
Gold:   22         SH:  0    Dex: 15    Spells: 1/1 levels left

rFire   . . .        a - +0 quarterstaff
rCold   . . .        (shield currently unavailable)
rNeg    . . .        b - +0 leather armour
rPois   .            c - +0 helmet
rElec   .            (no cloak)
rCorr   .            (no gloves)
SInv    .            (no boots)
Will    .....        (no amulet)
Stlth   +            (no ring)
HPRegen 1.02/turn    (no ring)
MPRegen 0.08/turn

%: guardian spirit
@: no status effects
A: fangs 2, regeneration 1, magic shield, antimagic bite, no potion heal 2
a: no special abilities


You were on level 2 of the Dungeon.
You visited 1 branch of the dungeon, and saw 2 of its levels.

You collected 22 gold pieces.

Inventory:

Hand Weapons
 a - a +0 quarterstaff (weapon)
Missiles
 d - 3 throwing nets (quivered)
 e - a javelin
Armour
 b - a +0 leather armour (worn)
 c - a +0 helmet (worn)
Scrolls
 f - a scroll of brand weapon {unknown}


   Skills:
 + Level 2.2 Fighting
 + Level 3.0 Staves
 - Level 1.7 Throwing
 + Level 2.7 Dodging


You had one spell level left.
You didn't know any spells.
Your spell library was empty.

Dungeon Overview and Level Annotations

Branches:
Dungeon (2/15)

Altars:

Annotations:
D:2 Natasha


Innate Abilities, Weirdness & Mutations

You have extremely sharp teeth.
Your natural rate of healing is unusually fast.
When hurt, damage is shared between your health and your magic reserves.
Your bite disrupts and absorbs the magic of your enemies.
Potions cannot restore your health.


Message History

There is a stone staircase leading up here.
There is a stone staircase leading up here.
A ball python comes into view.
The ball python hisses angrily.
The ball python closely misses you. x2
You hit the ball python.
You kill the ball python!
You see here a ball python corpse.
A frilled lizard comes into view.
Found a runed orb.
The frilled lizard hisses angrily.
You see here an orb of mayhem.
The frilled lizard bites you.
You hit the frilled lizard. You bite the frilled lizard.
You kill the frilled lizard!
You see here an orb of mayhem.
You enter the shallow water.
Moving in this stuff is going to be slow.
Found a dagger.
Natasha, Servant of Life and Death comes into view.
Natasha hisses angrily.
Natasha hisses.
Natasha claws you.
You hit Natasha.
Natasha is lightly wounded.
Natasha casts a spell.
Natasha claws you.
You completely miss Natasha. You bite Natasha.
Natasha's magic leaks into the air.
You drain her magic.
Natasha is moderately wounded.
Natasha claws you. The cerulean imp barely misses you.
You hit Natasha but do no damage.
Natasha is moderately wounded.
Natasha claws you!
The cerulean imp hits you from afar with a +2 spear.
You closely miss Natasha. Your bite misses Natasha.
Natasha is moderately wounded.
Natasha claws you!
You die...
Natasha begins licking her fur clean.

.# #######......# .# #
.....##......# ###.###.#
.....##......###........
.....##......#........
.....##......#.#....#
.#####.........#h.5.#
†##.##.##......#@...#
.##.##.##.......)...#
.##.##.##.....##....#
....##.###.#####....#
###.##.###.# #....#
###<.......# #....#
.......###.# ######
###........# #.#..#####


You could see Natasha (magic disrupted) and a cerulean imp (summoned).

Vanquished Creatures
  A dart slug (D:1)
  4 ball pythons
  An endoplasm (D:1)
  A goblin (D:1)
  6 jackals (D:1)
  A frilled lizard (D:2)
  2 kobolds (D:1)
  4 rats (D:1)
  A spectral kobold (D:1)
21 creatures vanquished.

Notes
Turn   | Place    | Note
-------+----------+-------------------------------------------
     0 | D:1      | Ivernyr the Vine Stalker Gladiator began the quest for the
                  | Orb.
     0 | D:1      | Reached XP level 1. HP: 11/11 MP: 2/2
   154 | D:1      | Reached XP level 2. HP: 15/15 MP: 3/3
   269 | D:1      | Reached skill level 3 in Staves
   461 | D:1      | Found a faded altar of an unknown god.
   671 | D:2      | Noticed Natasha
   676 | D:2      | Slain by Natasha

Illustrated notes

Levels and vault maps discovered:
D:1:      dpeg_arrival_lava_temple_mockup, layout_basic,
          dreamdust_ecumenical_altar_drowned_temple
D:2:      layout_basic, basic_altar, nicolae_underground_beach, uniq_natasha

Skill      XL: |  1  2 |
---------------+-------+-----
Fighting       | 2 |  2.2
Staves         | 3 |  3.0
Throwing       | |  1.7
Dodging        | |  2.7

Action                     || total
---------------------------++-------
  Melee: Quarterstaff      ||    51
         Bite              ||    15
   Stab: Sleeping          ||     2
 Armour: Leather armour    ||    36
  Dodge: Dodged            ||    28

Table legend: (Time is in decaauts)
 A = Elapsed time spent in this place.
 B = Non-inter-level travel time spent in this place.
 C = Inter-level travel time spent in this place.
 D = Time resting spent in this place.
 E = Time spent auto-exploring this place.
 F = Levels seen in this place.
 G = Mean time per level.
                   A        B        C        D        E       F      G
               +--------+--------+--------+--------+--------+-----+--------+
         Total |    691 |    655 |     36 |      0 |    506 |   2 |  345.5 |
       Dungeon |    691 |    655 |     36 |      0 |    506 |   2 |  345.5 |
               +--------+--------+--------+--------+--------+-----+--------+

Top non-repeatable levels by time:
     D:1: 601 daAuts
     D:2: 90 daAuts
